 Dungeon Crawl Stone Soup version 0.25-a0-1024-gbfbf38f2cb (webtiles) character file.

Game seed: 11805892509749424694, levelgen mode: deterministic

114776 mopl the Tainter (level 16, -12/136 HPs)
             Began as a White Draconian Venom Mage on Apr 17, 2020.
             Was the Champion of Cheibriados.
             Mangled by a very large slime creature (47 damage)
             ... on level 1 of the Swamp on May 12, 2020.
             The game lasted 01:26:35 (24340 turns).

mopl the Tainter (White Draconian Venom Mage)      Turns: 24340, Time: 01:26:35

Health: -12/136    AC: 23    Str: 25      XL:     16   Next: 17%
Magic:  25/39      EV: 20    Int: 48 (50) God:    Cheibriados [******]
Gold:   6128       SH: 12    Dex: 28      Spells: 3/35 levels left

rFire    + . .     SeeInvis +   a - +8 mace "Eboul" {venom, rF+ Int+4 SInv Stlth+}
rCold    + + .     Gourm    .   O - +0 kite shield
rNeg     . . .     Faith    .   (armour unavailable)
rPois    +         Spirit   .   G - +2 hat
rElec    .         Reflect  .   L - +0 cloak
rCorr    .         Harm     .   g - +0 pair of gloves "Tyahoh" {rC+ Regen+ Str+4}
MR       +....                  I - +1 pair of boots
Stlth    +++++.....             (no amulet)
HPRegen  0.72/turn              U - ring of Robustness {AC+8}
MPRegen  0.26/turn              W - ring "Ohoziyts" {rPois MP+9 Str-5 Int+10 Stlth+}

@: very slow
A: breathe frost, unfitting armour, cold resistance 1, cold-blooded, AC +9
a: Breathe Frost, Bend Time, Temporal Distortion, Slouch, Step From Time,
Renounce Religion


You were on level 1 of the Swamp.
You worshipped Cheibriados.
Cheibriados was exalted by your worship.
You were near starving.

You visited 5 branches of the dungeon, and saw 25 of its levels.
You also visited: Gauntlet.

You collected 7118 gold pieces.
You spent 990 gold pieces at shops.

Inventory:

Hand Weapons
 a - the +8 mace "Eboul" (weapon) {venom, rF+ Int+4 SInv Stlth+}
   (You found it on level 6 of the Dungeon)

   It poisons the flesh of those it strikes.
   It affects your intelligence (+4).
   It protects you from fire.
   It lets you see invisible.
   It makes you more stealthy.
 M - a +2 scimitar of flaming
Missiles
 h - 8 curare-tipped darts
 i - 47 boomerangs (quivered)
 y - a throwing net
 C - 4 atropa-tipped darts
 V - 41 javelins
Armour
 g - the +0 pair of gloves "Tyahoh" (worn) {rC+ Regen+ Str+4}
   (You found it on level 12 of the Dungeon)

   It affects your strength (+4).
   It protects you from cold.
   It increases your rate of regeneration.
 G - a +2 hat (worn)
 I - a +1 pair of boots (worn)
 L - a +0 cloak (worn)
 O - a +0 kite shield (worn)
Jewellery
 x - an uncursed ring of protection from magic
 T - an uncursed ring of resist corrosion
 U - the ring of Robustness (left hand) {AC+8}
   (You found it in a Gauntlet)

   [ring of protection]

   It affects your AC (+8).
 W - the ring "Ohoziyts" (right hand) {rPois MP+9 Str-5 Int+10 Stlth+}
   (You found it in a Gauntlet)

   [ring of magical power]

   It affects your strength (-5).
   It affects your intelligence (+10).
   It protects you from poison.
   It affects your magic capacity (+9).
   It makes you more stealthy.
 Y - the ring of Opnatum {+Fly rPois rC+ Str+3}
   (You took it off a minotaur in a Gauntlet)

   [ring of poison resistance]

   It affects your strength (+3).
   It protects you from cold.
   It protects you from poison.
   It lets you fly.
Wands
 j - a wand of acid (10)
 q - a wand of polymorph (9)
 v - a wand of disintegration (37)
 B - a wand of paralysis (21)
 E - a wand of enslavement (31)
 K - a wand of digging (5)
Scrolls
 d - 4 scrolls of fog
 k - 9 scrolls of remove curse
 n - 7 scrolls of magic mapping
 p - 7 scrolls of fear
 A - 10 scrolls of identify
 F - 9 scrolls of teleportation
 Q - 4 scrolls of blinking
 R - a scroll of silence {!r}
Potions
 b - 9 potions of heal wounds
 e - 5 potions of curing
 f - 5 potions of brilliance
 l - 5 potions of lignification {!q}
 m - a potion of resistance
 s - 4 potions of cancellation
 u - 6 potions of magic
 w - 4 potions of might
 D - 3 potions of flight
 N - a potion of invisibility
Miscellaneous
 H - a box of beasts
 S - a phial of floods
 Z - a phantom mirror
Comestibles
 c - 46 rations


   Skills:
 + Level 10.7 Fighting
 + Level 0.9 Throwing
 + Level 9.3 Dodging
 + Level 3.1 Stealth
 + Level 5.3 Shields
 + Level 10.4 Spellcasting
 + Level 9.8 Conjurations
 - Level 4.0 Translocations
 + Level 9.6 Transmutations
 - Level 3.0 Fire Magic
 - Level 3.0 Air Magic
 + Level 6.3 Earth Magic
 - Level 13.0 Poison Magic
 + Level 11.6 Invocations


You had 3 spell levels left.
You knew the following spells:

 Your Spells              Type           Power        Failure   Level  Hunger
a - Stone Arrow           Conj/Erth      ######       1%          3    None
b - Poisonous Vapours     Pois/Air       ######       1%          2    None
c - Iskenderun's Mystic   Conj/Tloc      #######.     1%          4    None
d - Mephitic Cloud        Conj/Pois/Air  #######.     1%          3    None
e - Sting                 Tmut/Pois      ####         1%          1    None
g - Ignite Poison         Fire/Tmut/Pois #######.     1%          3    None
o - Olgreb's Toxic Radia  Pois           #######.     1%          4    None
p - Passwall              Tmut/Erth      #######.     1%          2    None
s - Statue Form           Tmut/Erth      #######..    19%         6    ##.....
P - Passage of Golubria   Tloc           N/A          6%          4    None

Your spell library contained the following spells:

 Spells                   Type           Power        Failure   Level  Hunger
 Magic Dart               Conj           ####         1%          1    None
 Sandblast                Erth           ######       1%          1    None
 Shock                    Conj/Air       ####         1%          1    None
 Searing Ray              Conj           ######       1%          2    None
 Conjure Flame            Conj/Fire      ######..     1%          3    None
 Dazzling Flash           Conj/Hex       ######       1%          3    None
 Static Discharge         Conj/Air       ######..     1%          3    None
 Swiftness                Chrm/Air       #####...     2%          2    None
 Fulminant Prism          Conj/Hex       ######....   4%          4    None
 Lee's Rapid Deconstruct  Erth           ######....   7%          5    None
 Lightning Bolt           Conj/Air       ######....   7%          5    None
 Airstrike                Air            ######....   10%         4    None
 Freezing Cloud           Conj/Ice/Air   ######....   65%         6    ##.....
 Excruciating Wounds      Chrm/Necr      ####......   67%         5    None
 Darkness                 Hex            ####......   99%         6    ##.....
 Invisibility             Hex            ####....     99%         6    ##.....
 Ring of Flames           Chrm/Fire      #####.....   100%        7    ####...


Dungeon Overview and Level Annotations

Branches:
Dungeon (15/15)            Temple (1/1) D:4            Lair (6/6) D:11
  Swamp (1/4) Lair:2        Snake (0/4) Lair:4        Slime (0/5) Lair:5
    Orc (2/2) D:9             Elf (0/3) Orc:2        Vaults (0/5) D:14
 Depths (0/5) D:15        Gauntlet (visited)

Altars:
Ashenzari
Cheibriados
Dithmenos
Elyvilon
Fedhas
Gozag
Hepliaklqana
Kikubaaqudgha
Makhleb
Nemelex Xobeh
Okawaru
Qazlal
Ru
Sif Muna
Trog
Uskayaw
Vehumet
Wu Jian
Xom
Yredelemnul
Zin
The Shining One
Beogh

Shops:
D:11 [[}%   Orc:2 ?}(?


Innate Abilities, Weirdness & Mutations

You can breathe waves of freezing cold.
You can buffet flying creatures when you breathe cold.
Your icy white scales are hard. (AC +9)
You cannot fit into any form of body armour.
Your flesh is cold resistant. (rC+)
You are cold-blooded and may be slowed by cold attacks.


Message History

You block the very large slime creature's attack.
The slime creature hits you!
You block the very large slime creature's attack.
The spiny frog misses you.
Unknown command.
You barely miss the very large slime creature.
The very large slime creature is severely wounded.
The slime creature completely misses you.
You block the spiny frog's attack.
The very large slime creature hits you!!
* * * LOW HITPOINT WARNING * * *
You block the slime creature's attack.
Unknown command.
Unknown command.
You can feel time thicken for a moment.
You kill the spiny frog!
Cheibriados appreciates the change of pace.
You feel somewhat more hungry.
The very large slime creature hits you!!!
You die...

≈≈≈≈.♣♣.....♣.≈≈≈≈≈≈≈...
..≈≈≈..≈≈≈≈.♣≈≈≈≈≈≈≈≈.≈≈
≈.≈≈≈..≈≈≈≈..≈≈≈≈≈≈≈≈≈≈≈
≈.♣.≈.≈≈≈≈(≈.....♣≈.≈≈≈≈
≈....≈≈≈≈≈≈≈≈...<.≈≈≈≈≈≈
♣≈....≈≈≈≈≈....♣♣♣♣..≈
♣.≈≈..≈≈≈≈≈..♣♣♣
♣.≈≈.J†.§.≈≈.♣
♣≈≈≈.J@†..♣♣≈.♣
♣..≈.≈.$.♣♣♣..≈.♣
♣♣♣♣.≈≈..≈♣♣.≈≈.≈♣
♣..≈≈†.♣♣.≈≈.≈♣
♣♣≈≈≈..≈≈≈..≈♣♣
♣♣≈...≈≈≈..♣♣
♣≈≈≈.≈≈≈..♣ .≈≈≈.≈≈..≈♣
!....≈≈.≈♣.≈


You could see a very large slime creature and a slime creature.

Vanquished Creatures
  Rupert (D:14)
  Gastronok (Lair:3)
  Kirke (Lair:5)
  An orc warlord (Orc:2)
  Azrael (Orc:2)
  3 minotaurs
  A fire dragon (D:15)
  Josephine (Orc:2)
  A rakshasa (D:15)
  7 hydras
  A great orb of eyes (Gauntlet)
  Erolcha (Orc:2)
  3 centaur warriors
  An anaconda (shapeshifter) (D:15)
  2 alligators (Swamp:1)
  6 two-headed ogres
  2 ogre magi (Orc:2)
  4 death yaks (D:11)
  4 tengu warriors
  An orc high priest (Orc:1)
  Urug (D:14)
  6 slime creatures
  4 skeletal warriors (D:15)
  An unseen horror (D:14)
  A glowing orange brain (shapeshifter) (D:15)
  Pikel (D:5)
  2 deep elf magi
  A necromancer (Gauntlet)
  8 orc sorcerers (Orc:2)
  2 manticores (D:15)
  15 ugly things
  4 cyclopes
  A rust devil (Gauntlet)
  A black mamba (Lair:5)
  3 torpor snails (Lair:2)
  7 centaur skeletons
  2 rime drakes
  An efreet (D:15)
  15 spiny frogs
  A kobold demonologist (D:11)
  9 yaktaurs (D:11)
  6 komodo dragons
  A tengu conjurer (D:15)
  12 trolls
  A tyrant leech (Lair:2)
  5 hornets (Lair:6)
  15 blink frogs
  6 polar bears
  A bog body (Lair:2)
  6 dream sheep (Lair:4)
  17 hippogriffs
  A ynoxinul (Gauntlet)
  7 wraiths
  10 spriggans (Lair:6)
  4 wyverns
  A shadow (D:11)
  2 basilisks (Lair:3)
  A yak (shapeshifter) (D:15)
  41 yaks
  7 hogs
  3 fire elementals (Orc:2)
  6 hungry ghosts
  6 vampire mosquitoes
  19 humans
  2 steam dragons
  A soldier ant (shapeshifter) (D:13)
  6 wargs
  4 nagas (Lair:4)
  2 soldier ants
  A swamp worm (Lair:2)
  10 water moccasins
  5 hell hounds
  A hornet zombie (D:14)
  24 orc warriors
  11 porcupines
  5 ice beasts
  3 sky beasts
  3 eyes of draining
  40 wolves
  13 ogres
  8 black bears
  4 boggarts (Lair:6)
  2 phantoms
  11 centaurs
  A wolf (shapeshifter) (D:15)
  16 crocodiles
  24 bullfrogs
  A water moccasin skeleton (D:12)
  3 scorpions
  2 wyvern skeletons
  8 killer bees
  A troll zombie (D:9)
  11 howler monkeys
  13 wights
  4 electric eels
  11 crimson imps
  2 bullfrog zombies
  3 centaur zombies
  13 hounds
  A jelly (shapeshifter) (D:15)
  A quasit (D:5)
  11 orc priests
  5 jellies
  34 orc wizards
  3 bullfrog skeletons
  A gnoll shaman (D:9)
  4 iguanas
  2 iron imps (Gauntlet)
  9 worker ants
  A killer bee zombie (D:10)
  7 ogre zombies (D:9)
  2 hound zombies
  A worker ant zombie (D:7)
  16 adders
  14 gnolls
  3 shadow imps
  An ooze (D:2)
  2 adder skeletons
  An adder zombie (D:7)
  4 worms
  2 dart slugs
  7 leopard geckos
  103 orcs
  8 bats
  8 giant cockroaches
  13 goblins
  7 hobgoblins
  6 jackals
  15 kobolds
  8 quokkas
  A ball python (D:1)
  7 frilled lizards
  3 goblin skeletons (D:9)
  3 goblin zombies (D:9)
  A hobgoblin skeleton (D:9)
  A hobgoblin zombie (D:9)
  A jackal zombie (D:7)
  A leopard gecko skeleton (D:4)
  2 orc skeletons (D:9)
  15 orc zombies (D:9)
  8 rats
919 creatures vanquished.

Vanquished Creatures (others)
  A skeletal warrior (D:15)
  A hound zombie (D:5)
  A shadow imp (D:5)
  7 fungi
  5 plants (Lair:3)
  9 withered plants (Gauntlet)
24 creatures vanquished.

Grand Total: 943 creatures vanquished

Notes
Turn   | Place    | Note
-------+----------+-------------------------------------------
     0 | D:1      | mopl the Draconian Venom Mage began the quest for the Orb.
     0 | D:1      | Reached XP level 1. HP: 14/14 MP: 3/3
   252 | D:1      | Reached XP level 2. HP: 3/20 MP: 0/5
   767 | D:2      | Reached skill level 2 in Transmutations
   767 | D:2      | Reached XP level 3. HP: 12/26 MP: 1/7
  1032 | D:2      | Reached XP level 4. HP: 23/33 MP: 1/8
  1172 | D:2      | Learned a level 2 spell: Poisonous Vapours
  1176 | D:2      | Learned a level 3 spell: Ignite Poison
  1430 | D:2      | Reached skill level 3 in Spellcasting
  1475 | D:2      | You fall into a shaft and drop 2 floors!
  1575 | D:4      | Reached skill level 4 in Poison Magic
  1575 | D:4      | Reached XP level 5. HP: 33/38 MP: 6/9
  1601 | D:4      | Learned a level 3 spell: Mephitic Cloud
  1650 | D:4      | Reached skill level 1 in Fire Magic
  1784 | D:4      | Reached skill level 3 in Transmutations
  1784 | D:4      | Reached skill level 1 in Air Magic
  1882 | D:4      | Reached XP level 6. HP: 36/45 MP: 4/11
  2189 | D:4      | Found a staircase to the Ecumenical Temple.
  2227 | Temple   | Entered the Ecumenical Temple
  2330 | Temple   | Became a worshipper of Cheibriados the Contemplative
  2516 | D:3      | Found a faded altar of an unknown god.
  2759 | D:1      | Reached * piety under Cheibriados
  3548 | D:3      | Reached skill level 1 in Conjurations
  3550 | D:3      | Reached ** piety under Cheibriados
  4377 | D:4      | Your scales start taking on an icy white colour.
  4377 | D:4      | Reached XP level 7. HP: 41/50 MP: 7/12
  4377 | D:4      | Gained mutation: Your flesh is cold resistant. (rC+) [White
                  | Draconian growth]
  4525 | D:5      | Entered Level 5 of the Dungeon
  4536 | D:5      | Reached skill level 4 in Spellcasting
  4536 | D:5      | Reached skill level 1 in Invocations
  4543 | D:5      | Learned a level 4 spell: Olgreb's Toxic Radiance
  4669 | D:5      | Reached skill level 5 in Poison Magic
  4715 | D:5      | Reached skill level 2 in Air Magic
  4785 | D:5      | Reached skill level 4 in Transmutations
  4899 | D:5      | Reached *** piety under Cheibriados
  5341 | D:5      | Noticed Pikel
  5350 | D:5      | Killed Pikel
  5350 | D:5      | Reached skill level 2 in Conjurations
  5350 | D:5      | Reached skill level 2 in Fire Magic
  5350 | D:5      | Reached skill level 2 in Invocations
  5350 | D:5      | Reached XP level 8. HP: 44/57 MP: 4/15
  5581 | D:6      | Reached skill level 5 in Spellcasting
  5599 | D:6      | Reached skill level 5 in Transmutations
  5632 | D:6      | Reached skill level 3 in Air Magic
  5632 | D:6      | Reached skill level 6 in Poison Magic
  5741 | D:6      | Reached skill level 3 in Invocations
  5948 | D:6      | Noticed a deep elf mage
  5952 | D:6      | Killed a deep elf mage
  5952 | D:6      | Reached skill level 3 in Conjurations
  5952 | D:6      | Reached XP level 9. HP: 62/62 MP: 6/17
  6146 | D:6      | Reached skill level 3 in Fire Magic
  6161 | D:6      | Reached **** piety under Cheibriados
  6161 | D:6      | Reached skill level 6 in Transmutations
  6194 | D:6      | Got an iridescent mace
  6195 | D:6      | Identified the +8 mace "Eboul" {venom, rF+ Int+4 SInv
                  | Stlth+} (You found it on level 6 of the Dungeon)
  6227 | D:6      | Reached skill level 6 in Spellcasting
  6230 | D:6      | Reached skill level 7 in Poison Magic
  6482 | D:7      | Reached skill level 4 in Invocations
  6595 | D:7      | Found an opulent altar of Gozag.
  6711 | D:7      | Found a hide-covered altar of Uskayaw.
  6749 | D:7      | Reached ***** piety under Cheibriados
  6910 | D:7      | Reached skill level 7 in Transmutations
  6910 | D:7      | Reached XP level 10. HP: 45/69 MP: 6/20
  7117 | D:7      | Upgraded the game from 0.25-a0-785-gb22c70e859 to
                  | 0.25-a0-834-g55863b0b92
  7159 | D:8      | Reached skill level 2 in Dodging
  7161 | D:8      | Reached skill level 7 in Spellcasting
  7205 | D:8      | Reached skill level 1 in Fighting
  7414 | D:8      | Reached skill level 1 in Shields
  7414 | D:8      | Reached skill level 8 in Poison Magic
  7414 | D:8      | Reached skill level 5 in Invocations
  7471 | D:8      | Identified a scroll of acquirement
  7575 | D:8      | Identified the +5 shortbow "Hucriw" {freeze, +Inv rN+
                  | Int+3} (You acquired it on level 8 of the Dungeon)
  7713 | D:8      | Reached skill level 2 in Fighting
  8122 | D:9      | Noticed a two-headed ogre
  8123 | D:9      | Reached skill level 2 in Shields
  8127 | D:9      | Killed a two-headed ogre
  8127 | D:9      | Reached skill level 3 in Dodging
  8185 | D:9      | Reached skill level 9 in Poison Magic
  8196 | D:9      | Reached skill level 3 in Fighting
  8250 | D:9      | Found a staircase to the Orcish Mines.
  8278 | D:9      | Reached skill level 6 in Invocations
  8288 | D:9      | Reached skill level 3 in Shields
  8319 | D:9      | Reached ****** piety under Cheibriados
  8531 | D:9      | Reached XP level 11. HP: 82/82 MP: 19/21
  8730 | D:9      | Learned a level 4 spell: Iskenderun's Mystic Blast
  8748 | Orc:1    | Entered Level 1 of the Orcish Mines
  8837 | Orc:2    | Entered Level 2 of the Orcish Mines
  8837 | Orc:2    | Found a staircase to the Elven Halls.
  8891 | Orc:2    | Reached skill level 4 in Fighting
  9057 | Orc:1    | Reached skill level 4 in Dodging
  9057 | Orc:1    | Reached skill level 1 in Translocations
  9252 | Orc:2    | Noticed Erolcha
  9262 | Orc:2    | Noticed Azrael
  9274 | Orc:2    | Killed Erolcha
  9432 | Orc:2    | Noticed an orc warlord
  9441 | Orc:2    | Reached skill level 10 in Poison Magic
  9441 | Orc:2    | Killed an orc warlord
  9441 | Orc:2    | Reached skill level 4 in Shields
  9441 | Orc:2    | Reached skill level 2 in Translocations
  9450 | Orc:2    | Reached skill level 4 in Conjurations
  9641 | Orc:1    | Reached skill level 7 in Invocations
  9874 | Orc:2    | Killed Azrael
  9874 | Orc:2    | Reached skill level 5 in Fighting
 10139 | Orc:2    | Reached skill level 3 in Translocations
 10492 | Orc:2    | Noticed an orc sorcerer
 10499 | Orc:2    | Killed an orc sorcerer
 10501 | Orc:2    | Noticed an orc sorcerer
 10505 | Orc:2    | Killed an orc sorcerer
 10587 | Orc:2    | Upgraded the game from 0.25-a0-834-g55863b0b92 to
                  | 0.25-a0-842-g81a31cfd23
 10593 | Orc:2    | Noticed an orc sorcerer
 10694 | Orc:2    | Noticed Josephine
 10699 | Orc:2    | Killed Josephine
 10699 | Orc:2    | Reached XP level 12. HP: 94/94 MP: 17/23
 10805 | Orc:1    | Noticed an orc high priest
 10816 | Orc:1    | Killed an orc high priest
 10816 | Orc:1    | Reached skill level 5 in Dodging
 11029 | Orc:2    | Noticed an ogre mage
 11041 | Orc:2    | Killed an ogre mage
 11041 | Orc:2    | Reached skill level 5 in Conjurations
 11041 | Orc:2    | Reached skill level 11 in Poison Magic
 11105 | Orc:2    | Reached skill level 8 in Spellcasting
 11105 | Orc:2    | Reached skill level 4 in Translocations
 11122 | Orc:2    | Found Suohaep's Gadget Shoppe.
 11174 | Orc:2    | Found Lemaklar's Magic Scroll Emporium.
 11183 | Orc:2    | Bought a scroll of identify for 28 gold pieces
 11183 | Orc:2    | Bought a scroll of teleportation for 42 gold pieces
 11183 | Orc:2    | Bought a scroll of teleportation for 42 gold pieces
 11183 | Orc:2    | Bought a scroll of identify for 28 gold pieces
 11183 | Orc:2    | Bought a scroll of enchant weapon for 105 gold pieces
 11183 | Orc:2    | Bought a scroll of fear for 49 gold pieces
 11198 | Orc:2    | Reached skill level 6 in Fighting
 11226 | Orc:2    | Found a radiant altar of Vehumet.
 11228 | Orc:2    | Noticed an ogre mage
 11236 | Orc:2    | Killed an ogre mage
 11236 | Orc:2    | Reached skill level 8 in Invocations
 11268 | Orc:2    | Found an ancient bone altar of Kikubaaqudgha.
 11276 | Orc:2    | Found Gadoerex's Antique Weapon Shoppe.
 11306 | Orc:2    | Found a roughly hewn altar of Beogh.
 11306 | Orc:2    | Found Zimac's Magic Scroll Emporium.
 11330 | Orc:2    | Bought a scroll of teleportation for 45 gold pieces
 11330 | Orc:2    | Bought a scroll of teleportation for 45 gold pieces
 11330 | Orc:2    | Bought a scroll of blinking for 112 gold pieces
 11330 | Orc:2    | Bought a scroll of magic mapping for 52 gold pieces
 11330 | Orc:2    | Bought a scroll of identify for 30 gold pieces
 11330 | Orc:2    | Bought a scroll of silence for 112 gold pieces
 11330 | Orc:2    | Bought a scroll of brand weapon for 300 gold pieces
 11713 | D:10     | Entered Level 10 of the Dungeon
 12164 | D:11     | Found Gizis's Antique Armour Shoppe.
 12202 | D:11     | Found a staircase to the Lair.
 12250 | D:11     | Found Keariqux's Gadget Boutique.
 12258 | D:11     | Found a gate leading to a gauntlet.
 12273 | Gauntlet | Entered a Gauntlet
 12273 | Gauntlet | Found a transporter.
 12273 | Gauntlet | Found a transporter.
 12278 | Gauntlet | Found a transporter.
 12278 | Gauntlet | Found a transporter.
 12280 | Gauntlet | Found a large runed translucent door.
 12281 | Gauntlet | Found a large runed translucent door.
 12282 | Gauntlet | Found a large runed translucent door.
 12282 | Gauntlet | Found a large runed translucent door.
 12282 | Gauntlet | Found a runed translucent door.
 12282 | Gauntlet | Found a runed translucent door.
 12283 | Gauntlet | Found a large runed translucent door.
 12283 | Gauntlet | Found a large runed translucent door.
 12283 | Gauntlet | Found a large runed translucent door.
 12283 | Gauntlet | Found a large runed translucent door.
 12284 | Gauntlet | Found a large runed translucent door.
 12285 | Gauntlet | Found a large runed translucent door.
 12287 | Gauntlet | Found the ring of Robustness {AC+8}
 12287 | Gauntlet | Found a transporter.
 12328 | Gauntlet | Found a transporter.
 12342 | Gauntlet | Found a transporter.
 12355 | Gauntlet | Found a transporter.
 12357 | Gauntlet | Found a large runed translucent door.
 12358 | Gauntlet | Found a large runed translucent door.
 12452 | Gauntlet | Found a large runed translucent door.
 12452 | Gauntlet | Found a large runed translucent door.
 12454 | Gauntlet | Found a large runed translucent door.
 12454 | Gauntlet | Found a large runed translucent door.
 12456 | Gauntlet | Found a runed translucent gate.
 12456 | Gauntlet | Found a runed translucent gate.
 12456 | Gauntlet | Found a runed translucent gate.
 12458 | Gauntlet | Found a transporter.
 12458 | Gauntlet | Found a transporter.
 12464 | Gauntlet | Noticed a great orb of eyes
 12465 | Gauntlet | Found a transporter.
 12468 | Gauntlet | Found a transporter.
 12499 | Gauntlet | Found a transporter.
 12524 | Gauntlet | Noticed a death ooze
 12525 | Gauntlet | Found a transporter.
 12572 | Gauntlet | Found a transporter.
 12585 | Gauntlet | Noticed a death ooze
 12586 | Gauntlet | Found a transporter.
 12685 | Gauntlet | Reached skill level 6 in Dodging
 12685 | Gauntlet | Reached skill level 6 in Conjurations
 12725 | Gauntlet | Reached XP level 13. HP: 104/104 MP: 25/25
 12745 | Gauntlet | Got a flickering tin ring
 12747 | Gauntlet | Identified the ring "Ohoziyts" {rPois MP+9 Str-5 Int+10
                  | Stlth+} (You found it in a Gauntlet)
 12780 | Gauntlet | Reached skill level 12 in Poison Magic
 12786 | Gauntlet | Reached skill level 7 in Fighting
 12880 | Gauntlet | Identified the ring of Opnatum {+Fly rPois rC+ Str+3}
 12880 | Gauntlet | Noticed a minotaur
 12891 | Gauntlet | Killed a minotaur
 12945 | Gauntlet | Got a steaming battleaxe
 12946 | Gauntlet | Identified the cursed +1 battleaxe "Ultimatum" {protect,
                  | rElec rF+ rC+ Int+3} (You found it in a Gauntlet)
 13093 | D:11     | Found a shimmering blue altar of Sif Muna.
 13099 | D:11     | Found Seat's Food Shop.
 13134 | D:11     | Identified Sif Muna's Compendium of Toxins
 13195 | D:11     | Reached skill level 9 in Invocations
 13343 | D:11     | Noticed a minotaur
 13348 | D:11     | Killed a minotaur
 13348 | D:11     | Reached skill level 7 in Conjurations
 13352 | D:11     | Reached skill level 8 in Fighting
 13354 | D:11     | Reached skill level 7 in Dodging
 13361 | D:11     | Noticed a minotaur
 13464 | D:11     | Found Piloo's Armour Boutique.
 13739 | D:11     | Killed a minotaur
 13827 | D:11     | Identified the Tome of Aid and Clay
 13846 | D:11     | Learned a level 3 spell: Stone Arrow
 14045 | Lair:1   | Entered Level 1 of the Lair of Beasts
 14155 | Lair:1   | Reached skill level 1 in Earth Magic
 14639 | Lair:1   | Learned a level 4 spell: Passage of Golubria
 14703 | Lair:2   | You fall into a shaft and drop 2 floors!
 14706 | Lair:4   | Reached XP level 14. HP: 116/116 MP: 26/26
 14708 | Lair:4   | Reached skill level 9 in Spellcasting
 14854 | Lair:3   | Reached skill level 2 in Earth Magic
 15038 | Lair:2   | Found a snail-covered altar of Cheibriados.
 15126 | Lair:2   | Reached skill level 10 in Invocations
 15330 | Lair:2   | Found a shimmering altar of Xom.
 15623 | Lair:2   | Found a staircase to the Swamp.
 15958 | Lair:3   | Reached skill level 8 in Conjurations
 16212 | Lair:3   | Reached skill level 3 in Earth Magic
 16236 | Lair:3   | Noticed Gastronok
 16260 | Lair:3   | Killed Gastronok
 16260 | Lair:3   | Reached skill level 9 in Fighting
 16447 | Lair:3   | Upgraded the game from 0.25-a0-842-g81a31cfd23 to
                  | 0.25-a0-1007-g10a8c3caa8
 16510 | Lair:4   | Learned a level 2 spell: Passwall
 16737 | Lair:4   | Found a staircase to the Snake Pit.
 16911 | Lair:4   | Reached skill level 8 in Transmutations
 17717 | Lair:5   | Noticed Kirke
 17725 | Lair:5   | Killed Kirke
 17725 | Lair:5   | Reached skill level 8 in Dodging
 17886 | Lair:5   | Reached skill level 13 in Poison Magic
 18004 | Lair:5   | Found a radiant altar of Vehumet.
 18018 | Lair:5   | Learned a level 6 spell: Statue Form
 18390 | Lair:5   | Found a staircase to the Slime Pits.
 18660 | Lair:6   | Entered Level 6 of the Lair of Beasts
 18722 | Lair:6   | Reached skill level 4 in Earth Magic
 19004 | Lair:6   | Reached XP level 15. HP: 110/125 MP: 28/28
 20326 | D:12     | Got a pair of distressingly furry gloves
 20343 | D:12     | Identified the cursed +0 pair of gloves "Tyahoh" {rC+
                  | Regen+ Str+4} (You found it on level 12 of the Dungeon)
 21126 | D:13     | Reached skill level 9 in Conjurations
 21204 | D:13     | Reached skill level 11 in Invocations
 21300 | D:13     | Reached skill level 5 in Earth Magic
 21418 | D:13     | Reached skill level 10 in Fighting
 21423 | D:13     | Reached skill level 10 in Spellcasting
 21696 | D:14     | Reached skill level 9 in Transmutations
 21725 | D:14     | Noticed Urug
 21732 | D:14     | Killed Urug
 21785 | D:14     | Noticed Rupert
 21787 | D:14     | Found a gate to the Vaults.
 21796 | D:14     | Killed Rupert
 22264 | D:14     | Reached skill level 9 in Dodging
 22603 | D:15     | Entered Level 15 of the Dungeon
 22633 | D:15     | Reached skill level 2 in Stealth
 23032 | D:15     | Found a shimmering altar of Xom.
 23035 | D:15     | Found a shimmering altar of Xom.
 23045 | D:15     | Found a shimmering altar of Xom.
 23272 | D:15     | Reached skill level 5 in Shields
 23291 | D:15     | Reached skill level 6 in Earth Magic
 23567 | D:15     | Reached XP level 16. HP: 135/135 MP: 30/30
 23768 | D:15     | Reached skill level 3 in Stealth
 23991 | D:15     | Found a staircase to the Depths.
 24092 | Lair:1   | Upgraded the game from 0.25-a0-1007-g10a8c3caa8 to
                  | 0.25-a0-1024-gbfbf38f2cb
 24187 | Swamp:1  | Entered Level 1 of the Swamp
 24340 | Swamp:1  | Mangled by a very large slime creature

Illustrated notes

Levels and vault maps discovered:
D:1:      lemuel_arrival_broad_hall, layout_basic, minmay_tromino_v4_c
D:2:      layout_basic
D:3:      layout_basic, chequers_ecumenical_altar_simple_redux, first_ration,
          minmay_vboxes
D:4:      layout_basic, minmay_temple_entry_statues_fountains,
          ebering_dispersal_statue_hall
D:5:      layout_loops_ring, uniq_pikel
D:6:      layout_basic, guppyfry_early_elven_hall
D:7:      layout_loops_cross, eat_drink_and_be_merry_uskayaw, basic_altar
D:8:      layout_cave_pools
D:9:      layout_basic, zombieorc2_lemuel, serial_rivers,
          chequers_serial_rivers_micro_a, chequers_serial_rivers_micro_c,
          chequers_serial_rivers_micro_b, chequers_serial_rivers_micro_d,
          grunt_livestock
D:10:     layout_big_octagon
D:11:     fort_yaktaur, layout_basic, erik_lair_orcish_takeover, serial_shops,
          nicolae_shop_behind_doors, nicolae_shop_behind_doors,
          nicolae_shop_statue_plus, nicolae_shop_waterfront,
          gauntlet_entry_generic, led_sif_book
D:12:     layout_basic
D:13:     layout_cave_pools
D:14:     layout_long_grid, david_vaults_3
D:15:     gammafunk_enter_depths_forms, layout_basic, minmay_misc_feat_roman,
          nrook_uturn, xom_shifter_show
Temple:   kilobyte_greek_temple
Lair:1:   layout_roguey, beast_lair_carwin_4
Lair:2:   layout_small_grid, palyth_hydra_swamp_entry, basic_altar,
          kennysheep_snail_temple, grunt_megastairs_4
Lair:3:   layout_regular_city, serial_bayou, serial_bayou_pond_b,
          serial_bayou_pond_b, serial_bayou_crossing, serial_bayou_pond_d,
          serial_bayou_ford_a, grunt_megastairs_3, uniq_gastronok
Lair:4:   layout_hall_layers, minmay_snake_entry_guardpost_medium,
          lemuel_fruit_tree, grunt_megastairs_1
Lair:5:   layout_regular_city, slime_dummy, basic_altar, uniq_kirke, uniq_rupert
Lair:6:   minmay_lair_end_enchanted_forest, layout_cave_pods
Swamp:1:  layout_basic_swamp, lemuel_altar_in_water
Orc:1:    layout_diamond_mine
Orc:2:    kennysheep_orc_mage_school, layout_caves, lightli_orcish_oven,
          uniq_erolcha, uniq_azrael, uniq_josephine

Skill      XL: |  1  2  3  4  5  6  7  8  9 10 11 12 13 14 15 16 |
---------------+-------------------------------------------------+-----
Transmutations | 2 3 4 5 7 8 9 |  9.6
Spellcasting   | 3 4 5 6 7 8 9 10 | 10.4
Poison Magic   | 4 5 6 7 9 10 11 12 13 | 13.0
Fire Magic     | 1 2 3 |  3.0
Air Magic      | 1 2 3 |  3.0
Conjurations   | 1 2 3 4 6 7 8 9 |  9.8
Invocations    | 2 3 4 6 7 8 9 10 11 | 11.6
Dodging        | 3 4 6 7 8 9 |  9.3
Fighting       | 3 5 6 8 9 10 | 10.7
Shields        | 3 4 5 |  5.3
Translocations | 3 4 |  4.0
Earth Magic    | 1 4 6 |  6.3
Stealth        | 2 3 |  3.1
Throwing       | |  0.9

Action                   |  1- 3 |  4- 6 |  7- 9 | 10-12 | 13-15 | 16-18 || total
-------------------------+-------+-------+-------+-------+-------+-------++-------
Melee: Unarmed           |    22 |   118 |    49 |       |       |     6 ||   195
       Tailslap          |     4 |    22 |    28 |    76 |   291 |    30 ||   451
       Quarterstaff      |       |       |    48 |       |       |       ||    48
       Mace              |       |       |    43 |   296 |   967 |    93 ||  1399
       Scimitar          |       |       |       |       |     4 |       ||     4
Throw: Boomerang         |       |       |       |     7 |     7 |    10 ||    24
 Cast: Sting             |    39 |    98 |    27 |     8 |       |       ||   172
       Poisonous Vapours |       |    45 |     7 |    16 |       |       ||    68
       Ignite Poison     |       |       |    21 |    52 |    60 |     5 ||   138
       Mephitic Cloud    |       |       |    12 |    13 |    19 |     2 ||    46
       Olgreb's Toxic Ra |       |       |    16 |    61 |    82 |     4 ||   163
       Iskenderun's Myst |       |       |       |     5 |    15 |       ||    20
       Stone Arrow       |       |       |       |       |    18 |     1 ||    19
       Statue Form       |       |       |       |       |     9 |     2 ||    11
       Passwall          |       |       |       |       |     2 |       ||     2
Invok: Slouch            |       |       |       |     5 |     4 |     4 ||    13
       Temporal Distorti |       |       |       |       |     1 |       ||     1
 Abil: Breathe Frost     |       |       |     7 |       |     1 |       ||     8
       Evoke Flight      |       |       |       |       |     1 |       ||     1
Evoke: Wand              |       |       |     3 |    21 |       |       ||    24
  Use: Scroll            |     1 |     7 |     4 |    13 |     7 |     2 ||    34
       Potion            |       |       |       |       |     1 |       ||     1
 Stab: Sleeping          |       |       |     3 |     4 |    32 |     1 ||    40
       Distracted        |       |       |     1 |     2 |     1 |       ||     4
       Paralysed         |       |       |       |     1 |       |       ||     1
       Confused          |       |       |       |       |     1 |       ||     1
  Eat: Chunk             |     1 |     9 |     9 |     8 |    20 |     2 ||    49
       Ration            |       |       |       |     2 |       |       ||     2
Armor: Skin              |    28 |    58 |    74 |   100 |   463 |    31 ||   754
Dodge: Dodged            |    58 |   133 |   158 |   256 |  1285 |   103 ||  1993
Block: Buckler           |       |       |     9 |   111 |   534 |    29 ||   683
       Kite shield       |       |       |       |       |       |    30 ||    30
       Rpst.: Scimitar   |       |       |       |       |     2 |       ||     2

Table legend:
 A = Non-vault XP
 B = Vault XP
 C = Vault XP percentage of total XP
 D = Non-vault monster count
 E = Vault monster count
 F = Vault count percentage of total count
                 A         B        C        D         E       F
            +---------+---------+-------+---------+---------+-------
      Total |   97028 |   66939 |  40.8 |     647 |     271 |  29.5
            +---------+---------+-------+---------+---------+-------
        D:1 |      31 |       2 |   6.1 |      19 |       1 |   5.0
        D:2 |     140 |       0 |   0.0 |      33 |       0 |   0.0
        D:3 |      84 |      14 |  14.3 |      33 |       7 |  17.5
        D:4 |     499 |       0 |   0.0 |      25 |       0 |   0.0
        D:5 |     591 |     641 |  52.0 |      18 |       1 |   5.3
        D:6 |    1451 |     615 |  29.8 |      26 |       1 |   3.7
        D:7 |    1657 |       0 |   0.0 |      28 |       0 |   0.0
        D:8 |    1886 |       0 |   0.0 |      23 |       0 |   0.0
        D:9 |    2514 |    1770 |  41.3 |      20 |      41 |  67.2
       D:10 |    1943 |       0 |   0.0 |      21 |       0 |   0.0
       D:11 |    6602 |   11811 |  64.1 |      46 |      45 |  49.5
       D:12 |    5210 |       0 |   0.0 |      41 |       0 |   0.0
       D:13 |    8154 |       0 |   0.0 |      33 |       0 |   0.0
       D:14 |    7125 |    8613 |  54.7 |      31 |      20 |  39.2
       D:15 |   18979 |    4786 |  20.1 |      36 |      10 |  21.7
     Lair:1 |    5354 |     820 |  13.3 |      27 |       6 |  18.2
     Lair:2 |    4542 |    4015 |  46.9 |      22 |       9 |  29.0
     Lair:3 |    4630 |    3331 |  41.8 |      18 |       6 |  25.0
     Lair:4 |    5769 |    1318 |  18.6 |      26 |       8 |  23.5
     Lair:5 |    5070 |    2746 |  35.1 |      22 |       4 |  15.4
     Lair:6 |    5315 |    8181 |  60.6 |      16 |      41 |  71.9
    Swamp:1 |    2636 |       0 |   0.0 |       4 |       0 |   0.0
      Orc:1 |    2790 |     432 |  13.4 |      38 |       3 |   7.3
      Orc:2 |    4056 |   12521 |  75.5 |      41 |      53 |  56.4
   Gauntlet |       0 |    5323 | 100.0 |       0 |      15 | 100.0
            +---------+---------+-------+---------+---------+-------
